 Dungeon Crawl Stone Soup version 0.26.0-10-g1f06aea511 (webtiles) character file.

Game seed: 9692077983114405072

3370 Arum the Fighter (level 9, -5/75 HPs)
             Began as a Mummy Fighter on Jan 19, 2021.
             Was an Elder of Qazlal.
             Slain by an orc warlord
             ... wielding a +0 war axe
              (21 damage)
             ... in a bailey.
             The game lasted 00:19:00 (8372 turns).

Arum the Fighter (Mummy Fighter)                    Turns: 8372, Time: 00:19:00

Health: -5/75      AC: 12    Str: 21    XL:     9   Next: 73%
Magic:  9/9        EV:  9    Int:  6    God:    Qazlal [****..]
Gold:   589        SH: 15    Dex: 13    Spells: 8/8 levels left

rFire    x . .     SeeInvis .   l - +2 flail (vorpal)
rCold    + . .     Faith    .   o - +0 buckler
rNeg     + + +     Spirit   .   b - +0 scale mail
rPois    ∞         Reflect  +   (no helmet)
rElec    .         Harm     .   u - +2 ratskin cloak {*Rats rPois rN+ Str-1 Int-1 Dex+1}
rCorr    .         Rampage  .   p - +0 pair of gloves
Will     +....                  (no boots)
Stlth    ..........             k - amulet of reflection
HPRegen  0.22/turn              (no ring)
MPRegen  0.11/turn              (no ring)

@: repel missiles
A: no potions, fire vulnerability, cold resistance 1, negative energy resistance
3, torment resistance, unbreathing
a: Renounce Religion, Upheaval, Elemental Force


You were in a bailey.
You worshipped Qazlal.
Qazlal was greatly pleased with you.
You visited 1 branch of the dungeon, and saw 8 of its levels.
You also visited: Ossuary and Bailey.

You collected 634 gold pieces.
You spent 45 gold pieces at shops.

Inventory:

Hand Weapons
 a - a +0 flail
 l - a +2 vorpal flail (weapon)
Armour
 b - a +0 scale mail (worn)
 c - a +0 kite shield
 g - a +0 cloak
 o - a +0 buckler (worn)
 p - a +0 pair of gloves (worn)
 u - the +2 ratskin cloak (worn) {*Rats rPois rN+ Str-1 Int-1 Dex+1}
   (You found it on level 6 of the Dungeon)

   It affects your strength (-1).
   It affects your intelligence (-1).
   It affects your dexterity (+1).
   It protects you from poison.
   It protects you from negative energy.
Jewellery
 k - an amulet of reflection (around neck)
 q - an uncursed amulet of the acrobat
Scrolls
 d - 6 scrolls of remove curse
 e - 4 scrolls of teleportation
 f - 2 scrolls of immolation
 h - a scroll of acquirement {unknown}
 i - 2 scrolls of blinking
 j - 10 scrolls of identify
 m - a scroll of magic mapping
 n - 2 scrolls of noise
 r - 2 scrolls of enchant armour
 t - a scroll of amnesia
 x - a scroll of fog


   Skills:
 + Level 8.5 Fighting
 + Level 6.8 Maces & Flails
 + Level 5.8 Armour
 - Level 5.0 Shields


You had 8 spell levels left.
You didn't know any spells.
Your spell library was empty.

Dungeon Overview and Level Annotations

Branches:
Dungeon (8/15)             Temple (0/1) D:6         Ossuary (visited)
 Bailey (1/1)
   Lair: D:8-11

Altars:
Cheibriados
Fedhas
Qazlal
Trog
Uskayaw
Vehumet

Shops:
D:4 [   D:6 (   D:7 (


Innate Abilities, Weirdness & Mutations

You do not drink.
Your flesh is vulnerable to fire.
You are immune to poison.
Your flesh is cold resistant. (rC+)
You are immune to negative energy. (rN+++)
You are immune to unholy pain and torment.
You can survive without breathing.


Message History

The orc warlord barely misses you.
The orc warlord is struck by lightning.
Unknown command.
Unknown command.
Unknown command.
You closely miss the orc warlord.
The orc warlord is severely wounded.
The orc warlord hits you with a +0 war axe!
* * * LOW HITPOINT WARNING * * *
A river rat scurries out from under your cloak.
Unknown command.
Your river rat closely misses the orc warlord.
Unknown command.
Your river rat bites the orc warlord.
The orc warlord hits your river rat with a +0 war axe!!
Your river rat dies!
Unknown command.
Unknown command.
The orc warlord hits you with a +0 war axe!!
You die...

♣≈≈#..8..8....'..o())..(.......#
♣≈≈#........#########......8...#
♣≈≈##......##≈≈≈#≈≈≈####......##
♣...##.....#≈|.....≈#≈≈#.....##
♣....##....#≈.........≈#....##
♣♣.....#....##8.8...8.8≈##...#
♣......'.....#....○....≈≈'...#
♣∩.∩...'.....#.○..∩....≈≈'...#
♣......'.....#.§@.°...)≈≈'...#
♣♣.....#()..##8.8o☼.8.8≈##...#
♣....##....#≈?........≈#....##
♣...##.)((.#≈§.....≈#≈≈#.....##
♣≈≈##.(....##≈≈≈#≈≈≈####......##
♣≈≈#........#########..)...8...#
♣≈≈#..8..8....'.o.g.'..........#
#..........#≈≈≈≈≈#..........#
##.........#≈≈≈≈≈#...8..8..##


You could see an orc warlord.

Vanquished Creatures
  A hornet (D:8)
  Menkaure (D:4)
  Edmund (D:6)
  A black bear (D:7)
  2 ice beasts
  3 orc warriors (Bailey)
  A sky beast (D:5)
  2 ogres
  4 phantoms
  A centaur (D:5)
  A big kobold (D:7)
  An elf zombie (Ossuary)
  4 bullfrogs
  5 scorpions
  A killer bee (D:6)
  A troll zombie (Ossuary)
  A howler monkey (D:6)
  A bullfrog zombie (D:7)
  2 centaur zombies
  2 bullfrog skeletons
  4 hounds
  An orc priest (D:3)
  Crazy Yiuf (D:6)
  Jessica (D:2)
  A hell rat (D:6)
  3 worker ants
  3 ogre zombies (Ossuary)
  A big kobold zombie (Ossuary)
  A howler monkey zombie (D:7)
  6 mummies (Ossuary)
  A gnoll (Bailey)
  6 river rats (D:6)
  11 adders
  2 shadow imps
  A white imp (D:6)
  An ooze (D:3)
  2 adder zombies
  An adder skeleton (D:5)
  2 worms
  A dart slug (D:2)
  3 leopard geckos
  9 orcs
  4 ball pythons
  9 bats
  4 giant cockroaches
  2 gnoll zombies (Ossuary)
  11 goblins
  12 hobgoblins
  10 jackals
  2 quokkas
  8 frilled lizards
  A giant cockroach zombie (D:5)
  5 goblin zombies (Ossuary)
  A hobgoblin zombie (Ossuary)
  A jackal zombie (D:5)
  23 kobolds
  6 kobold zombies (Ossuary)
  An orc zombie (Ossuary)
  4 quokka zombies (Ossuary)
  20 rats
  3 rat zombies (Ossuary)
225 creatures vanquished.

Vanquished Creatures (others)
  A plant (D:7)
1 creature vanquished.

Grand Total: 226 creatures vanquished

Notes
Turn   | Place    | Note
-------+----------+-------------------------------------------
     0 | D:1      | Arum the Mummy Fighter began the quest for the Orb.
     0 | D:1      | Reached XP level 1. HP: 18/18 MP: 1/1
   236 | D:1      | Reached XP level 2. HP: 21/24 MP: 2/2
  1122 | D:2      | Reached XP level 3. HP: 28/29 MP: 3/3
  1250 | D:2      | Noticed Jessica
  1258 | D:2      | Killed Jessica
  1259 | D:2      | Reached XP level 4. HP: 37/37 MP: 4/4
  1327 | D:2      | Found a stormy altar of Qazlal.
  1339 | D:2      | Became a worshipper of Qazlal Stormbringer
  1545 | D:2      | Found a blossoming altar of Fedhas.
  1689 | D:3      | Reached skill level 4 in Fighting
  1812 | D:3      | Reached XP level 5. HP: 40/42 MP: 5/5
  1814 | D:3      | Found a snail-covered altar of Cheibriados.
  1890 | D:3      | Reached * piety under Qazlal
  2605 | D:4      | Found a hide-covered altar of Uskayaw.
  2630 | D:4      | Noticed a phantom
  2661 | D:4      | Killed a phantom
  2662 | D:4      | Reached XP level 6. HP: 32/49 MP: 6/6
  2825 | D:4      | Reached skill level 5 in Fighting
  3026 | D:4      | Reached XP level 7. HP: 56/56 MP: 7/7
  3031 | D:4      | Noticed Menkaure
  3038 | D:4      | Killed Menkaure
  3232 | D:4      | Found Vuotwawo's Armour Shoppe.
  3255 | D:4      | Bought a +0 buckler for 45 gold pieces
  3287 | D:4      | Found a radiant altar of Vehumet.
  3828 | D:5      | Entered Level 5 of the Dungeon
  3902 | D:5      | Reached skill level 5 in Shields
  4005 | D:5      | Reached ** piety under Qazlal
  4006 | D:5      | Reached skill level 6 in Fighting
  4022 | D:5      | Reached XP level 8. HP: 40/64 MP: 8/8
  4906 | D:6      | Reached skill level 5 in Maces & Flails
  4915 | D:6      | Found Dibb's Antique Weapon Emporium.
  5033 | D:6      | Found a staircase to the Ecumenical Temple.
  5065 | D:6      | Noticed Prince Ribbit
  5067 | D:6      | Noticed Edmund
  6090 | D:6      | Reached skill level 7 in Fighting
  6186 | D:6      | Found the +2 ratskin cloak {*Rats rPois rN+ Str-1 Int-1
                  | Dex+1}
  6317 | D:6      | Killed Edmund
  6329 | D:6      | Noticed Prince Ribbit
  6329 | D:6      | Prince Ribbit changed into Prince Ribbit the killer bee
  6334 | D:6      | Killed Prince Ribbit the killer bee
  6529 | D:6      | Found a runed translucent door.
  6530 | D:6      | Noticed Crazy Yiuf
  6535 | D:6      | Killed Crazy Yiuf
  6606 | D:7      | Reached XP level 9. HP: 64/72 MP: 9/9
  6688 | D:7      | Reached *** piety under Qazlal
  6705 | D:7      | Found a sand-covered staircase.
  6713 | Ossuary  | Entered an ossuary
  6915 | Ossuary  | Reached skill level 5 in Armour
  7295 | D:7      | Identified the cursed +1 robe "Qyok Cid" {rPois rF+++ Str-5
                  | Int-3}
  7306 | D:7      | Reached **** piety under Qazlal
  7307 | D:7      | Reached skill level 8 in Fighting
  7356 | D:7      | Noticed a six-headed hydra
  7357 | D:7      | Found Jixegauq's Hydra Hut.
  7656 | D:8      | Found a bloodstained altar of Trog.
  7702 | D:8      | Found a flagged portal.
  7718 | Bailey   | Entered a bailey
  7723 | Bailey   | Noticed an orc warlord
  7988 | Bailey   | Found a runed translucent gate.
  7989 | Bailey   | Found a runed translucent gate.
  7991 | Bailey   | Found a runed translucent gate.
  8372 | Bailey   | Slain by an orc warlord

Illustrated notes

Levels and vault maps discovered:
D:1:      dpeg_arrival_arbitrary_b, layout_basic, minmay_small_reverse_x
D:2:      layout_loops_ring, lemuel_doored_altar,
          nicolae_overflow_crystal_walls, uniq_jessica
D:3:      layout_basic, cheibriados_altar_1
D:4:      layout_basic, lemuel_coloured_pillars_altar,
          eat_drink_and_be_merry_uskayaw, serial_shops, shop,
          serial_bayou_pond_c, uniq_menkaure
D:5:      layout_cave_pools
D:6:      wander_guarded_unrand_ratskin, layout_basic, temple_pool_b,
          serial_shops, nicolae_shop_statue_plus, uniq_edmund,
          uniq_prince_ribbit1, uniq_crazy_yiuf_cottage
D:7:      layout_rooms, chequers_ossuary_entry_cave, doesnt_shop_hydraphobe
D:8:      layout_loops_ring, bloody_trog, enter_bailey_2
Bailey:   bailey_axe_bossmonster_kennysheep, bailey

Skill      XL: |  1  2  3  4  5  6  7  8  9 |
---------------+----------------------------+-----
Maces & Flails | 2 3 4 5 6 |  6.8
Shields        | 3 4 5 |  5.0
Fighting       | 4 5 6 7 8 |  8.5
Armour         | 3 4 5 |  5.8

Action                   |  1- 3 |  4- 6 |  7- 9 || total
-------------------------+-------+-------+-------++-------
Melee: Flail             |   117 |   189 |   577 ||   883
Throw: Throwing net      |       |       |     1 ||     1
Evoke: Wand              |       |       |    32 ||    32
  Use: Scroll            |       |       |    15 ||    15
 Stab: Paralysed         |       |       |     3 ||     3
       Held in net/web   |       |       |     2 ||     2
Armor: Scale mail        |    75 |    61 |   131 ||   267
Dodge: Dodged            |    46 |    54 |   168 ||   268
Block: Kite shield       |    66 |   150 |     5 ||   221
       Reflection        |       |     8 |    66 ||    74
       Buckler           |       |       |   401 ||   401
